 Dungeon Crawl Stone Soup version 0.19.5 (webtiles) character file.

138 Kosschaser the Chopper (level 5, -2/47 HPs)
             Began as a Hill Orc Berserker on May 25, 2017.
             Was a Believer of Trog.
             Killed by divine providence
             ... invoked by an orc priest
              (13 damage)
             ... on level 3 of the Dungeon.
             The game lasted 00:04:54 (2508 turns).

Kosschaser the Chopper (Hill Orc Berserker)         Turns: 2508, Time: 00:04:55

Health: -2/47      AC:  1    Str: 21    XL:     5   Next: 21%
Magic:  5/5        EV: 12    Int:  7    God:    Trog [**....]
Gold:   97         SH:  0    Dex: 10    Spells: 0 memorised, 4 levels left

rFire  + . .     SeeInvis .     a - +0 hand axe
rCold  x . .     Gourm    .     h - -2 leather armour (curse)
rNeg   . . .     Faith    .     (no shield)
rPois  .         Spirit   .     (no helmet)
rElec  .         Reflect  .     (no cloak)
rCorr  .         Harm     .     (no gloves)
MR     .....                    (no boots)
Stlth  +.........               (no amulet)
                                (no ring)
                                d - ring of fire

@: exhausted, starving, slowed, very slow
A: no striking features
a: Berserk, Trog's Hand, Burn Spellbooks, Renounce Religion, Convert to Beogh


You were on level 3 of the Dungeon.
You worshipped Trog.
Trog was pleased with you.
You were starving.

You visited 1 branch of the dungeon, and saw 3 of its levels.

You collected 97 gold pieces.

Inventory:

Hand Weapons
 a - a +0 hand axe (weapon)
Armour
 b - a +1 animal skin
 h - a cursed -2 leather armour (worn)
Jewellery
 d - a ring of fire (left hand)
Scrolls
 e - a scroll of remove curse {unknown}
 j - a scroll of immolation {unknown}
 n - a scroll of noise {unknown}
Potions
 f - 2 potions of lignification {unknown}
 g - a potion of might {unknown}
 i - a potion of heal wounds {unknown}
 k - a potion of degeneration {unknown}
 o - a potion of curing {unknown}
Books
 m - a book of Misfortune

   Spells                             Type                      Level
   a - Confusing Touch                Hexes                        1
   b - Confuse                        Hexes                        3
   c - Gell's Gravitas                Hexes/Translocation          3
   d - Petrify                        Transmutation/Earth          4
   e - Metabolic Englaciation         Hexes/Ice                    5
   f - Yara's Violent Unravelling     Hexes/Transmutation          5
   Trog disapproves of the use of such an item.
Comestibles
 c - 2 bread rations
 l - 2 fruits


   Skills:
 + Level 4.7 Fighting
 + Level 5.4 Axes
 + Level 3.1 Armour
 + Level 2.3 Dodging
 + Level 0.3 Stealth


You had 4 spell levels left.
You didn't know any spells.

Dungeon Overview and Level Annotations

Branches:
Dungeon (3/15)

Altars:


Message History

You see here an adder corpse.
You feel sick.
You are no longer poisoned.
An orc priest comes into view. It is wielding a flail.
The orc priest shouts, "Join the one true god or die!"
The orc priest shouts!
An orc comes into view. It is wielding a hand axe.
Press: ? - help, . - travel You can't see that place. [a rock wall.]
The orc hits you but does no damage. The orc barely misses you.
The orc hits you but does no damage. The orc hits you with a dagger.
* * * LOW HITPOINT WARNING * * *
The orc hits you with a dagger.
* * * LOW HITPOINT WARNING * * *
The orc priest calls down the wrath of Beogh upon you.
Beogh smites you!
You die...

............###.## ##..#..###.
................#########.#†###..
..#.####..####..##....##...o#.#..
..#.####..####..##.##.##...o#.#..
...............................[.
..........####..##.##o......#.#..
..#.####.................#..#.#..
..#.# #..# ##..##.########.#[#..
..#.# ##..# #...@.oo..........#..
..#.# #...# #...##.#o#######..#..
....# #...###...##.#.#######..#..
..#.###.......<...............#..
................##.#.########.#.#
..#.###........###.#.# #......#
.................#.#.# #......#
..........###..###.#.# #......#
....##....# #..###.#.#####....#.#


You could see an orc priest and 3 orcs.

Vanquished Creatures
  An orc priest (D:3)
  Ijyb (D:3)
  4 adders
  A worm (D:3)
  2 dart slugs
  2 leopard geckos
  A ball python (D:1)
  5 bats
  5 goblins
  5 hobgoblins
  3 jackals (D:1)
  3 frilled lizards
  6 kobolds
  3 rats
42 creatures vanquished.

Notes
Turn   | Place    | Note
-------+----------+-------------------------------------------
     0 | D:1      | Kosschaser the Hill Orc Berserker began the quest for the Orb.
     0 | D:1      | Reached XP level 1. HP: 19/19 MP: 1/1
   198 | D:1      | You fall through a shaft!
   503 | D:1      | Reached XP level 2. HP: 25/27 MP: 2/2
   997 | D:2      | Reached XP level 3. HP: 23/33 MP: 3/3
  2027 | D:3      | Reached skill level 5 in Axes
  2027 | D:3      | Reached XP level 4. HP: 35/40 MP: 4/4
  2192 | D:3      | Reached ** piety under Trog
  2470 | D:3      | Noticed Ijyb
  2486 | D:3      | Killed Ijyb
  2488 | D:3      | Reached XP level 5. HP: 23/47 MP: 5/5
  2508 | D:3      | Killed from afar by an orc priest

Skill      XL: |  1  2  3  4 |
---------------+-------------+-----
Fighting       | 4 |  4.7
Axes           | 5 |  5.4
Dodging        | 2 |  2.3
Armour         | 3 |  3.1
Stealth        | |  0.3

Action                   |  1- 3 |  4- 6 || total
-------------------------+-------+-------++-------
Melee: Hand axe          |   123 |    39 ||   162
Invok: Berserk           |     2 |     1 ||     3
       Trog's Hand       |       |     1 ||     1
  Use: Scroll            |     1 |       ||     1
  Eat: Chunk             |     6 |       ||     6
Armor: Animal skin       |     2 |       ||     2
       Leather armour    |     9 |     3 ||    12
Dodge: Dodged            |    81 |    26 ||   107
